 Dungeon Crawl Stone Soup version 0.21.1-1-g345015f (webtiles) character file.

184 wilfster70 the Cutter (level 5, -1/34 HPs)
             Began as a Halfling Warper on June 6, 2018.
             Slain by a hound (5 damage)
             ... on level 4 of the Dungeon.
             The game lasted 00:12:27 (3835 turns).

wilfster70 the Cutter (Halfling Warper)             Turns: 3835, Time: 00:12:27

Health: -1/34      AC:  5    Str: 12    XL:     5   Next: 96%
Magic:  9/9        EV: 14    Int: 12    God:
Gold:   100        SH:  0    Dex: 14    Spells: 2/10 levels left

rFire    + . .     SeeInvis .   a - +0 short sword
rCold    . . .     Gourm    .   (shield restricted)
rNeg     . . .     Faith    .   D - +1 leather armour
rPois    .         Spirit   .   (no helmet)
rElec    .         Reflect  .   (no cloak)
rCorr    .         Harm     .   m - +0 pair of gloves
MR       .....                  (no boots)
Stlth    +.........             (no amulet)
HPRegen  0.11/turn              g - ring of protection from fire
MPRegen  0.11/turn              x - ring of wizardry

@: no status effects
A: small, mutation resistance 1
a: no special abilities


You were on level 4 of the Dungeon.
You were not hungry.

You visited 1 branch of the dungeon, and saw 4 of its levels.

You collected 100 gold pieces.

Inventory:

Hand Weapons
 a - a +0 short sword (weapon)
 b - a +4 hunting sling
Missiles
 e - 4 tomahawks of dispersal (quivered)
 h - 8 sling bullets
 r - 7 tomahawks
 v - 38 stones
Armour
 m - a +0 pair of gloves (worn)
 D - a +1 leather armour (worn)
Magical Staves
 k - an uncursed staff of energy
Jewellery
 g - a ring of protection from fire (left hand)
 x - a ring of wizardry (right hand)
Scrolls
 d - 2 scrolls of blinking
 j - a scroll of enchant armour
 p - a scroll of teleportation
 t - a scroll of remove curse
Potions
 i - 2 potions of might {unknown}
 l - a potion of resistance {unknown}
 n - a potion of invisibility {unknown}
 o - a potion of lignification {unknown}
 q - a potion of curing {unknown}
 s - a potion of mutation {unknown}
 u - a potion of cancellation {unknown}
 w - 2 potions of brilliance {unknown}
 C - a potion of flight {unknown}
Books
 c - a book of Spatial Translocations

   Spells                             Type                      Level
   a - Blink                          Translocation                2
   b - Shroud of Golubria             Charms/Translocation         2
   c - Lesser Beckoning               Translocation                3
   d - Gell's Gravitas                Translocation                3
   e - Teleport Other                 Translocation                3
   f - Passage of Golubria            Translocation                4
Comestibles
 f - 9 rations


   Skills:
 - Level 1.7 Fighting
 - Level 4.2 Short Blades
 - Level 1.0 Throwing
 - Level 1.1 Armour
 - Level 2.1 Dodging
 - Level 3.0 Spellcasting
 * Level 2.1 Charms
 + Level 3.7 Translocations


You had 2 spell levels left.
You knew the following spells:

 Your Spells              Type           Power        Failure   Level  Hunger
a - Blink                 Tloc           N/A          4%          2    ###....
b - Shroud of Golubria    Chrm/Tloc      #.........   6%          2    ###....
c - Passage of Golubria   Tloc           N/A          26%         4    #####..


Dungeon Overview and Level Annotations

Branches:
Dungeon (4/15)
 Temple: D:4-7

Altars:
Cheibriados
Fedhas
Kikubaaqudgha
Sif Muna
Vehumet
Zin


Innate Abilities, Weirdness & Mutations

You are small and have problems with some larger weapons.
You are somewhat resistant to further mutation.


Message History

You hit the hound but do no damage.
The hound is heavily wounded.
The hound misses you. The hound barely misses you. x2
You barely miss the hound.
The hound is heavily wounded.
The hound bites you. The hound bites you but does no damage.
You barely miss the hound.
The hound is heavily wounded.
The hound bites you. x2; The hound barely misses you.
You hit the hound.
The hound is heavily wounded.
The hound bites you.
* * * LOW HITPOINT WARNING * * *
The hound bites you.
* * * LOW HITPOINT WARNING * * *
The hound bites you but does no damage.
You hit the hound.
The hound is almost dead.
The hound closely misses you. The hound bites you.
You die...

###########.
.......(...
......[...#
.h......# #....#
#..# #(.# #hh##
#@..# ##..# #..#
#..# #. #..# #...
#..## ##....
#...#####....####
##.....##....###..
#....รท......#
#...


You could see 2 hounds.

Vanquished Creatures
  2 orc wizards (D:4)
  A hound skeleton (D:4)
  4 adders
  2 worms
  2 dart slugs
  3 leopard geckos
  6 orcs
  6 bats
  A giant cockroach (D:1)
  4 goblins
  11 hobgoblins
  10 kobolds
  A quokka (D:3)
  5 frilled lizards
  A quokka skeleton (D:4)
  8 rats
67 creatures vanquished.

Notes
Turn   | Place    | Note
-------+----------+-------------------------------------------
     0 | D:1      | wilfster70 the Halfling Warper began the quest for the Orb.
     0 | D:1      | Reached XP level 1. HP: 14/14 MP: 3/3
   509 | D:1      | Reached XP level 2. HP: 5/19 MP: 4/4
   777 | D:1      | Reached skill level 3 in Short Blades
   782 | D:1      | Learned a level 2 spell: Blink
   785 | D:1      | Learned a level 2 spell: Shroud of Golubria
  1100 | D:1      | Reached XP level 3. HP: 20/24 MP: 6/6
  1826 | D:2      | Found a glowing silver altar of Zin.
  1827 | D:2      | Noticed an angel
  2301 | D:3      | Reached XP level 4. HP: 22/29 MP: 7/7
  2558 | D:3      | Found a radiant altar of Vehumet.
  2599 | D:3      | Found an ancient bone altar of Kikubaaqudgha.
  2600 | D:3      | Found a blossoming altar of Fedhas.
  2770 | D:3      | Reached skill level 4 in Short Blades
  3259 | D:4      | Learned a level 4 spell: Passage of Golubria
  3310 | D:4      | Reached XP level 5. HP: 34/34 MP: 9/9
  3374 | D:4      | Found a snail-covered altar of Cheibriados.
  3375 | D:4      | Found a deep blue altar of Sif Muna.
  3483 | D:4      | Reached skill level 1 in Charms
  3835 | D:4      | Slain by a hound

Skill      XL: |  1  2  3  4  5 |
---------------+----------------+-----
Short Blades   | 3 4 |  4.2
Spellcasting   | 2 3 |  3.0
Charms         | 2 |  2.1
Fighting       | |  1.7
Throwing       | |  1.0
Armour         | |  1.1
Dodging        | |  2.1
Translocations | |  3.7

Action                   |  1- 3 |  4- 6 || total
-------------------------+-------+-------++-------
Melee: Short sword       |   172 |   119 ||   291
 Fire: Hunting sling     |    19 |    35 ||    54
Throw: Tomahawk          |       |     1 ||     1
  Use: Scroll            |       |    11 ||    11
 Stab: Sleeping          |       |     1 ||     1
  Eat: Chunk             |     4 |     5 ||     9
Armor: Leather armour    |    40 |    45 ||    85
Dodge: Dodged            |   113 |   136 ||   249
